 Dungeon Crawl Stone Soup version 0.17-a0-1245-g990a8d8 (webtiles) character file.

23 ololoev the Charmwright (level 3, -1/27 HPs)
             Began as a Formicid Skald on June 5, 2015.
             Slain by a goblin (4 damage)
             ... on level 1 of the Dungeon.
             The game lasted 00:01:00 (993 turns).

ololoev the Charmwright (Formicid Skald)             Turns: 993, Time: 00:01:00

Health: -1/27      AC:  3    Str: 17    XL:     3   Next: 12%
Magic:  6/6        EV: 11    Int: 11    God:
Gold:   50         SH:  0    Dex: 10    Spells: 1 memorised, 5 levels left

rFire  . . .     SeeInvis +     a - +0 mace
rCold  . . .     Clarity  .     b - +0 leather armour
rNeg   . . .     SustAt   .     (no shield)
rPois  .         Gourm    .     (helmet unavailable)
rElec  .         Spirit   .     (no cloak)
rCorr  .         Warding  .     (no gloves)
rMut   .         Stasis   +     (no boots)
MR     .....                    (no amulet)
Stlth  +.........               (no ring)
                                (no ring)

@: not resistant to hostile enchantments, very unstealthy
A: permanent stasis, dig shafts and tunnels, four strong arms, antennae 3
a: Dig, Shaft Self


Innate Abilities, Weirdness & Mutations

You are under a permanent stasis effect.
You can dig through walls and to a lower floor.
Your four strong arms can wield two-handed weapons with a shield.
You have a pair of large antennae on your head (SInv).

Inventory:

Hand weapons
 a - a +0 mace (weapon)
Armour
 b - a +0 leather armour (worn)
Scrolls
 e - a scroll of teleportation {unknown}
Potions
 f - a potion of mutation {unknown}
Books
 c - a book of Battle

   Spells                             Type                      Level
   a - Infusion                       Charms                       1
   b - Shroud of Golubria             Charms/Translocation         2
   c - Song of Slaying                Charms                       2
   d - Spectral Weapon                Hexes/Charms                 3
   e - Regeneration                   Charms/Necromancy            3
Comestibles
 d - a bread ration
 g - a meat ration


   Skills:
 - Level 2.1 Fighting
 * Level 3.0 Maces & Flails
 + Level 1.8 Armour
 - Level 0.8 Dodging
 - Level 2.1 Spellcasting
 - Level 3.0 Charms


You had 5 spell levels left.
You knew the following spells:

 Your Spells              Type           Power        Failure   Level  Hunger
a - Infusion              Chrm           #.....       12%         1    ##.....


You were on level 1 of the Dungeon.
You were not hungry.

You visited 1 branch of the dungeon, and saw 1 of its levels.

You collected 50 gold pieces.

#############.#####
#...###...###....###
..........(.#......#
............#......#
.###...###.........####
.#......>#............#
.#.......#....##......#
............#.##......#
.....#......#. #@.....#
............#. #rg....#
.#.......#.. #......#
.#<......#.. #.....##
.###...###...$......##
............#.......#
............#.......#
#...###...###.........
.......###.............

Notes
Turn   | Place    | Note
--------------------------------------------------------------
     0 | D:1      | ololoev the Formicid Skald began the quest for the Orb.
     0 | D:1      | Reached XP level 1. HP: 16/16 MP: 3/3
   205 | D:1      | Reached XP level 2. HP: 13/22 MP: 5/5
   676 | D:1      | Reached XP level 3. HP: 14/27 MP: 6/6
   993 | D:1      | Slain by a goblin

Dungeon Overview and Level Annotations

Branches:
Dungeon (1/15)

Altars:


Message History

The goblin hits you. The giant newt closely misses you.
The goblin barely misses you.
The giant newt bites you but does no damage.
The goblin hits you.
You are too injured to fight recklessly!
You are too injured to fight recklessly!
You are too injured to fight recklessly!
You are too injured to fight recklessly!
You are too injured to fight recklessly!
You are too injured to fight recklessly!
You are too injured to fight recklessly!
You are too injured to fight recklessly!
You are too injured to fight recklessly!
You are too injured to fight recklessly!
You are too injured to fight recklessly!
You are too injured to fight recklessly!
You are too injured to fight recklessly!
You are too injured to fight recklessly!
You are too injured to fight recklessly!
You are too injured to fight recklessly!
You are too injured to fight recklessly!
You are too injured to fight recklessly!
You are too injured to fight recklessly!
You hit the goblin.
You kill the goblin!
The goblin hits you.
You hit the giant newt.
The giant newt is moderately wounded.
The goblin hits you.
The giant newt bites you but does no damage.
You barely miss the giant newt.
The giant newt is moderately wounded.
The goblin hits you but does no damage.
The giant newt bites you but does no damage.
You sock the giant newt!
You kill the giant newt!
The goblin hits you.
You hit the rat but do no damage. The goblin completely misses you.
The rat barely misses you. The goblin hits you.
You die...

You could see a goblin and a rat.

Vanquished Creatures
  A giant gecko (D:1)
  4 bats (D:1)
  A giant cockroach (D:1)
  6 hobgoblins (D:1)
  2 kobolds (D:1)
  A giant newt (D:1)
  3 goblins (D:1)
  3 rats (D:1)
21 creatures vanquished.

Action                   || total
-------------------------++-------
Melee: Mace              ||    74

Vault maps used:
D:1:      minmay_arrival_open_corners, st_stairs_5, minmay_cut_off
